 Dungeon Crawl Stone Soup version 0.26-a0-682-g294304f6e8 (webtiles) character file.

Game seed: 5199041970697479507

(classic levelgen) 223 EnegeticOcto the Digger (level 6, -2/36 HPs)
             Began as a Halfling Earth Elementalist on Oct 20, 2020.
             Slain by an orc
             ... wielding a +0 short sword of draining
              (6 damage)
             ... on level 6 of the Dungeon.
             The game lasted 00:02:56 (558 turns).

EnegeticOcto the Digger (HaEE)                       Turns: 558, Time: 00:02:56

Health: -2/36      AC:  2    Str:  9    XL:     6   Next: 20%
Magic:  6/8        EV: 15    Int: 15    God:
Gold:   62         SH:  0    Dex: 15    Spells: 7/8 levels left

rFire    . . .     SeeInvis .   g - +0 hand axe
rCold    . . .     Faith    .   (shield restricted)
rNeg     . . .     Spirit   .   c - +0 robe
rPois    .         Reflect  .   (no helmet)
rElec    .         Harm     .   (no cloak)
rCorr    .         Rampage  .   (no gloves)
MR       .....                  (no boots)
Stlth    ++........             (no amulet)
HPRegen  0.12/turn              (no ring)
MPRegen  0.11/turn              (no ring)

@: flying
A: small, mutation resistance 1
a: no special abilities


You were on level 6 of the Dungeon.
You visited 1 branch of the dungeon, and saw 6 of its levels.

You collected 62 gold pieces.

Inventory:

Hand Weapons
 a - a +0 short sword
 g - a +0 hand axe (weapon)
Missiles
 b - 20 stones (quivered)
Armour
 c - a +0 robe (worn)
Wands
 j - a wand of acid (5) {@v1}
Scrolls
 d - a scroll of blinking {unknown}
 h - a scroll of magic mapping {unknown}
 k - a scroll of random uselessness {unknown}
 l - a scroll of identify {unknown}
Potions
 e - a potion of mutation {unknown}
 f - 2 potions of brilliance {unknown}
 i - a potion of flight
 m - a potion of curing {unknown}


   Skills:
 - Level 2.1 Dodging
 - Level 2.1 Stealth
 - Level 1.5 Spellcasting
   Level 0.5 Transmutations
 + Level 6.5 Earth Magic


You had 7 spell levels left.
You knew the following spells:

 Your Spells              Type           Power        Failure   Level
a - Sandblast             Erth           ###...       1%          1

Your spell library contained the following spells:

 Spells                   Type           Power        Failure   Level
 Passwall                 Tmut/Erth      ##......     9%          2
 Beastly Appendage        Tmut           #.....       19%         1
 Stone Arrow              Conj/Erth      ##....       19%         3
 Wereblood                Tmut           #.......     28%         2
 Lee's Rapid Deconstruct  Erth           ###.......   41%         5
 Petrify                  Tmut/Erth      ##......     50%         4
 Spider Form              Tmut/Pois      #.........   54%         3
 Ice Form                 Ice/Tmut       #.......     91%         4
 Blade Hands              Tmut           #.........   99%         5


Dungeon Overview and Level Annotations

Branches:
Dungeon (6/15)
 Temple: D:4-7

Altars:


Innate Abilities, Weirdness & Mutations

You are small and have problems with some larger weapons.
You are somewhat resistant to further mutation.


Message History

The adder hisses angrily.
The adder bites you.
Found a scroll labeled ERIYTH WI ABBUDIL and 7 gold pieces.
You hit the adder.
The adder is heavily wounded.
The adder bites you.
* * * LOW HITPOINT WARNING * * *
The adder barely misses you.
You hit the adder.
You kill the adder!
Casting: Sandblast (safe; 1% risk of failure)
Confirm with . or Enter, or press ? or * to list all spells.
Aiming: Sandblast (safe; 1% risk of failure)
Press: ? - help, Shift-Dir - straight line, f - you That would be overly suicidal.
Okay, then.
Unknown command.
l - a scroll labeled ERIYTH WI ABBUDIL
Found 10 gold pieces.
Found a paperback book.
You now have 55 gold pieces (gained 10).
You now have 62 gold pieces (gained 7).
A bat comes into view.
Found a chain mail.
You see here a book of Changes.
You pick up a book of Changes and begin reading...
You add the spells Beastly Appendage, Wereblood, Spider Form, Ice Form and Blade Hands to your library.
The bat hits you.
* * * LOW HITPOINT WARNING * * *
Casting: Sandblast (safe; 1% risk of failure)
Confirm with . or Enter, or press ? or * to list all spells.
Aiming: Sandblast (safe; 1% risk of failure)
Press: ? - help, Shift-Dir - straight line, f - bat
Aim: a bat The blast of sand hits the bat!
You kill the bat!
b - 23 stones
(D) Dungeon
Where to? (Enter - D:2 @ (x,y), ? - help) Magic restored.
There is a stone staircase leading down here.
You climb downwards.
There is a stone staircase leading up here.
You see here a +0 giant club.
A quokka skeleton comes into view.
You see here a fizzy pink potion.
m - a fizzy pink potion
There is a stone staircase leading down here.
You climb downwards.
Found a puce potion.
Found a stone staircase leading down.
There is a stone staircase leading up here.
i - 2 puce potions (gained 1)
A jackal comes into view.
There is a stone staircase leading down here.
You climb downwards.
There is a stone staircase leading up here.
An orc comes into view. It is wielding a +0 club.
An orc comes into view.
It is wielding a +0 short sword of draining.
The orc shouts! x2
An orc comes into view. It is wielding a -3 short sword.
An orc comes into view. It is wielding a +0 club.
Casting: Sandblast (safe; 1% risk of failure)
Confirm with . or Enter, or press ? or * to list all spells.
Aiming: Sandblast (safe; 1% risk of failure)
Press: ? - help, Shift-Dir - straight line, f - orc
Aim: an orc, wielding a +0 club The blast of sand hits the orc!!
You kill the orc!
b - 22 stones The orc shouts!
A centaur comes into view.
Casting: Sandblast (safe; 1% risk of failure)
Confirm with . or Enter, or press ? or * to list all spells.
Aiming: Sandblast (safe; 1% risk of failure)
Press: ? - help, Shift-Dir - straight line, f - orc
Aim: an orc, wielding a -3 short sword The blast of sand hits the orc!
You kill the orc!
b - 21 stones The orc throws a boomerang.
The boomerang hits you.
The weapon returns to the orc!
Casting: Sandblast (safe; 1% risk of failure)
Confirm with . or Enter, or press ? or * to list all spells.
Aiming: Sandblast (safe; 1% risk of failure)
Press: ? - help, Shift-Dir - straight line, f - orc
Aim: an orc, wielding a +0 short sword of draining The blast of sand misses the orc.
b - 20 stones The centaur wields a +0 shortbow.
The centaur shoots an arrow.
The arrow barely misses you.
The centaur shoots an arrow.
The arrow hits you!
* * * LOW HITPOINT WARNING * * *
The orc throws a boomerang.
The boomerang hits you.
* * * LOW HITPOINT WARNING * * *
The weapon returns to the orc!
It was a potion of flight.
You feel very buoyant.
You fly up into the air.
The orc hits you with a +0 short sword of draining.
You die...

#.# #.# #.# #.#
#.#
#.#############
#.............#
#.###########.#
#@# #.# #o# #<#
#c# #.# .o# #.#
... #.# ....
#.. ##.# ###
#.#


You could see a centaur and 2 orcs.

Vanquished Creatures
  An ogre (D:4)
  A bullfrog skeleton (D:4)
  A centaur skeleton (D:4)
  A worker ant (D:4)
  5 adders
  2 dart slugs (D:1)
  2 orcs (D:6)
  2 bats (D:3)
  2 goblins (D:1)
  A hobgoblin (D:3)
  A frilled lizard (D:1)
  2 kobolds (D:1)
  3 rats
24 creatures vanquished.

Notes
Turn   | Place    | Note
-------+----------+-------------------------------------------
     0 | D:1      | EnegeticOcto the Halfling Earth Elementalist began the
                  | quest for the Orb.
     0 | D:1      | Reached XP level 1. HP: 11/11 MP: 3/3
    59 | D:1      | Reached XP level 2. HP: 13/17 MP: 1/4
   232 | D:1      | Reached skill level 4 in Earth Magic
   232 | D:1      | Reached XP level 3. HP: 12/21 MP: 0/5
   347 | D:4      | Noticed an ogre
   349 | D:4      | Killed an ogre
   349 | D:4      | Reached skill level 5 in Earth Magic
   349 | D:4      | Reached XP level 4. HP: 20/27 MP: 3/6
   349 | D:4      | Reached XP level 5. HP: 23/31 MP: 3/7
   387 | D:4      | Reached skill level 6 in Earth Magic
   409 | D:4      | Reached XP level 6. HP: 10/36 MP: 3/8
   526 | D:5      | Entered Level 5 of the Dungeon
   558 | D:6      | Slain by an orc

Illustrated notes

Levels and vault maps discovered:
D:1:      psy_arrival_spokes, layout_loops_cross
D:2:      layout_loops_ring, kennysheep_path_1
D:3:      layout_basic, uniq_sigmund, uniq_robin, uniq_grinder
D:4:      layout_basic
D:5:      layout_basic, serial_shops,
          nicolae_shop_temple_entry_statues_fountains, minivault_19,
          minmay_misc_feat_nine_boxes
D:6:      layout_loops_ring, serial_shops, shop

Skill      XL: |  1  2  3  4  5 |
---------------+----------------+-----
Earth Magic    | 4 5 6 |  6.5
Dodging        | |  2.1
Stealth        | |  2.1
Spellcasting   | |  1.5
Transmutations | |  0.5

Action                   |  1- 3 |  4- 6 || total
-------------------------+-------+-------++-------
Melee: Short sword       |    16 |       ||    16
       Hand axe          |     8 |     9 ||    17
 Cast: Sandblast         |    15 |    11 ||    26
Evoke: Wand              |     1 |     3 ||     4
  Use: Potion            |       |     1 ||     1
 Stab: Sleeping          |     1 |       ||     1
Armor: Robe              |     5 |     1 ||     6
Dodge: Dodged            |    23 |    10 ||    33

Table legend: (Time is in decaauts)
 A = Elapsed time spent in this place.
 B = Non-inter-level travel time spent in this place.
 C = Inter-level travel time spent in this place.
 D = Time resting spent in this place.
 E = Time spent auto-exploring this place.
 F = Levels seen in this place.
 G = Mean time per level.
                   A        B        C        D        E       F      G
               +--------+--------+--------+--------+--------+-----+--------+
         Total |    565 |    508 |     57 |      0 |      0 |   6 |   94.2 |
       Dungeon |    565 |    508 |     57 |      0 |      0 |   6 |   94.2 |
               +--------+--------+--------+--------+--------+-----+--------+

Top non-repeatable levels by time:
     D:2: 162 daAuts
     D:4: 148 daAuts
     D:3: 138 daAuts
     D:1: 84 daAuts
     D:6: 23 daAuts
     D:5: 7 daAuts
